 Dungeon Crawl Stone Soup version 0.31-a0-198-g2ad674f65e (webtiles) character file.

Game seed: 15282322797645663285

28339 qw the Markself (level 13, -12/82 HPs)
             Began as a Deep Elf Hunter on June 25, 2023.
             Was an Elder of Okawaru.
             Mangled by a minotaur
             ... wielding the +1 war axe "Zatzidghi" {protect, rElec Will++ Dex-5 SInv}
              (24 damage)
             ... in a Gauntlet.
             The game lasted 00:04:39 (11441 turns).

qw the Markself (Deep Elf Hunter)                  Turns: 11441, Time: 00:04:40

Health: -12/82     AC: 13    Str: 14    XL:     13   Next: 9%
Magic:  18/18      EV: 25    Int: 16    God:    Okawaru [****..]
Gold:   913        SH:  0    Dex: 31    Spells: 12/12 levels left

rFire   . . .        t - +1 hand crossbow (drain)
rCold   . . .        (no shield)
rNeg    . . .        g - +0 troll leather armour
rPois   +            l - +1 helmet
rElec   .            d - +0 cloak
rCorr   .            k - +1 pair of gloves
SInv    .            i - +1 pair of boots
Will    +....        m - amulet of regeneration
Stlth   +++          s - +6 ring of dexterity
HPRegen 1.93/turn    e - ring "Kumiem" {rPois Str+6 Dex+3}
MPRegen 0.16/turn

%: no teleportation
@: no status effects
A: no striking features
a: Renounce Religion, Heroism, Finesse


You were in a Gauntlet.
You worshipped Okawaru.
Okawaru was greatly pleased with you.
You visited 3 branches of the dungeon, and saw 15 of its levels.
You also visited: Gauntlet.

You collected 913 gold pieces.


   Skills:
 - Level 10.0 Fighting
 - Level 18.0 Ranged Weapons
 - Level 7.1 Armour
 + Level 12.2 Dodging
 - Level 1.2 Stealth
 + Level 4.3 Invocations


You had 12 spell levels left.
You didn't know any spells.
Your spell library was empty.

Inventory:

Hand Weapons
 t - a +1 hand crossbow of draining (weapon)
Armour
 d - a +0 cloak (worn)
 g - a +0 troll leather armour (worn)
 i - a +1 pair of boots (worn)
 j - a +0 scale mail of poison resistance
 k - a +1 pair of gloves (worn)
 l - a +1 helmet (worn)
Jewellery
 e - the ring "Kumiem" (right hand) {rPois Str+6 Dex+3}
   (You found it in a Gauntlet)

   [ring of strength]

   Str:       It affects your strength (+6).
   Dex:       It affects your dexterity (+3).
   rPois:     It protects you from poison.
 m - an amulet of regeneration (around neck)
 s - a +6 ring of dexterity (left hand)
Scrolls
 a - 2 scrolls of identify
 p - 8 scrolls of teleportation
Potions
 b - a potion of resistance
 c - a potion of heal wounds
 f - 3 potions of enlightenment
 h - 2 potions of might
 o - 6 potions of curing
 q - a potion of haste
 u - a potion of magic

Dungeon Overview and Level Annotations

Branches:
Dungeon (11/15)            Temple (1/1) D:6            Lair (3/5) D:11
Gauntlet (1/1)
  Swamp: Lair:2-3    Shoals: Lair:2-3     Snake: Lair:2-3    Spider: Lair:2-3
    Orc: D:9-12

Altars:
Ashenzari
Cheibriados
Dithmenos
Elyvilon
Gozag
Kikubaaqudgha
Makhleb
Nemelex Xobeh
Okawaru
Qazlal
Ru
Sif Muna
Trog
Uskayaw
Vehumet
Wu Jian
Xom
Yredelemnul
Zin
The Shining One

Annotations:
D:10 2 runed translucent doors
Lair:2 2 transporters, qw's ghost, journeyman GrFi Gauntlet 6 transporters


Message History

Partly explored, unvisited transporter.
11413 ||| DROPPING +4 ring of slaying {mikee}.
You drop a +4 ring of slaying {mikee}.
Partly explored, unvisited transporter.
There is a transporter here.
Partly explored, unvisited transporter.
You enter the transporter and appear at another place.
Enter note:
Enter note: You open the door.
A minotaur comes into view.
It is wielding the +1 war axe "Zatzidghi" {protect, rElec Will++ Dex-5 SInv}, wearing a +4 plate armour of ponderousness and quivering silver javelins.
The minotaur drinks a potion.
The minotaur flickers and vanishes!
Deactivating autopickup; reactivate with Ctrl-A.
Found four items.
Enter note:
Enter note: You shoot a bolt.
You shoot a bolt. You shoot a bolt. You shoot a bolt.
A silver javelin appears from out of thin air!
The silver javelin pierces through you!!
You shoot a bolt. You shoot a bolt.
A silver javelin appears from out of thin air!
The silver javelin barely misses you.
You shoot a bolt.
A silver javelin appears from out of thin air!
The silver javelin closely misses you.
You shoot a bolt. You shoot a bolt. You shoot a bolt. Something hits you!
Something gores you.
You shoot a bolt. Something hits you! Something misses you.
You shoot a bolt. Something hits you!! Something gores you.
You shoot a bolt. Something hits you!!
You die...

#¤..#.##.. ###
.###..#[#... ... ..
#~..#^8..^ ##.###..
##..#}#... ...
...##~..#!##..
..#.#..###..#..##. #####
#.#.#....#..#.....
/8|8.8#...#...^#..######
......{@###....#........
[8(8.8#...#....#.\......
#######.#.#...^#..######
.....#.#....#..#.....
#8.........###..#=###.
##.##.###..##~..#...##
#.........###..#¤..^.
########..##~..#:..##
######..#.###.


There were no monsters in sight!

Vanquished Creatures
  A green death (Gauntlet)
  3 hydras
  Harold (D:10)
  Erica (D:10)
  A boulder beetle (D:11)
  3 two-headed ogres
  An ugly thing (D:11)
  A manticore (D:8)
  6 elephants (Lair:3)
  A black mamba (Lair:2)
  A torpor snail (Gauntlet)
  A gargoyle (D:11)
  An orange demon (Gauntlet)
  2 cane toads
  2 komodo dragons (Lair:2)
  2 trolls
  Grinder (D:6)
  Prince Ribbit (D:5)
  19 blink frogs
  Sigmund (D:2)
  2 shadows
  A wraith (D:10)
  6 wyverns
  A steam dragon (D:7)
  A basilisk (Lair:2)
  39 yaks
  3 chaos spawn (Gauntlet)
  A neqoxec (Gauntlet)
  10 water moccasins
  2 acid dragons
  A sky beast (D:5)
  An ice beast (D:7)
  5 black bears
  An orc warrior (D:6)
  11 wolves
  A centaur (D:10)
  A phantom (D:4)
  A kobold brigand (D:9)
  5 bullfrogs
  A gnoll sergeant (D:9)
  4 scorpions
  6 wights
  5 howler monkeys
  2 jellies
  7 orc priests
  A gnoll bouda (D:4)
  Terence (D:2)
  3 iguanas
  5 orc wizards
  Robin (D:2)
  10 adders
  15 gnolls
  3 white imps
  3 ufetubi
  A worm (D:2)
  A dart slug (D:3)
  37 orcs
  3 endoplasms
  5 giant cockroaches
  13 goblins
  7 hobgoblins
  8 jackals
  7 kobolds
  4 quokkas
  8 ball pythons
  A bat (D:1)
  4 frilled lizards
  12 rats
321 creatures vanquished.

Notes
Turn   | Place    | Note
-------+----------+-------------------------------------------
     0 | D:1      | qw the Deep Elf Hunter began the quest for the Orb.
     0 | D:1      | Reached XP level 1. HP: 12/12 MP: 3/3
     0 | D:1      | 0 ||| qw: Version: 0.3-a-22-g0ed2b0b
     0 | D:1      | 0 ||| qw: Game counter: 5416
     0 | D:1      | 0 ||| qw: Melee chars always use a shield: true
     0 | D:1      | 0 ||| qw: God list: Okawaru
     0 | D:1      | 0 ||| qw: Allow faded altars: false
     0 | D:1      | 0 ||| qw: Do Orc after clearing Dungeon:15 true
     0 | D:1      | 0 ||| qw: Do second Lair branch before Depths: true
     0 | D:1      | 0 ||| qw: Lair rune preference: random
     0 | D:1      | 0 ||| qw: Goals: Normal
     0 | D:1      | 0 ||| PLANNING D:1-11
     7 | D:1      | Noticed an imperial myrmidon
     7 | D:1      | Noticed an iguana
     8 | D:1      | Noticed a centaur warrior
    67 | D:1      | HP: 3/12 [jackal (2)]
    70 | D:1      | HP: 1/12 [jackal (2)]
    72 | D:1      | Reached skill level 6 in Ranged Weapons
    72 | D:1      | Reached XP level 2. HP: 2/16 MP: 4/4
   446 | D:1      | 446 ||| UPGRADING to +0 scale mail.
   456 | D:1      | 456 ||| DROPPING +0 leather armour.
   457 | D:1      | 457 ||| UPGRADING to +0 pair of boots.
   462 | D:1      | 462 ||| UPGRADING to +6 ring of strength.
   463 | D:1      | 463 ||| READING 4 scrolls labelled AMATEN SUA.
   464 | D:1      | 464 ||| READING scroll labelled CUONES LOKH.
   465 | D:1      | 465 ||| DRINKING 2 fizzy ruby potions.
   469 | D:1      | 469 ||| READING 3 scrolls of identify.
   469 | D:1      | 469 ||| IDENTIFYING glowing emerald potion
   470 | D:1      | 470 ||| DROPPING scroll of butterflies.
   471 | D:1      | 471 ||| DROPPING potion of ambrosia.
   508 | D:2      | Reached XP level 3. HP: 16/20 MP: 5/5
   545 | D:2      | 545 ||| SWAPPING to +0 hand crossbow of draining.
   546 | D:2      | 546 ||| DROPPING +0 shortbow.
   667 | D:2      | Reached skill level 7 in Ranged Weapons
   673 | D:2      | Noticed Sigmund
   675 | D:2      | 675 ||| FLEEEEING.
   676 | D:2      | 676 ||| FLEEEEING.
   677 | D:2      | 677 ||| FLEEEEING.
   678 | D:2      | 678 ||| FLEEEEING.
   679 | D:2      | 679 ||| FLEEEEING.
   680 | D:2      | 680 ||| FLEEEEING.
   681 | D:2      | 681 ||| FLEEEEING.
   682 | D:2      | 682 ||| FLEEEEING.
   683 | D:2      | 683 ||| FLEEEEING.
   684 | D:2      | 684 ||| FLEEEEING.
   685 | D:2      | 685 ||| FLEEEEING.
   686 | D:2      | 686 ||| FLEEEEING.
   687 | D:2      | 687 ||| FLEEEEING.
   688 | D:2      | 688 ||| FLEEEEING.
   689 | D:2      | 689 ||| FLEEEEING.
   690 | D:2      | 690 ||| FLEEEEING.
   691 | D:2      | 691 ||| FLEEEEING.
   692 | D:2      | 692 ||| FLEEEEING.
   698 | D:2      | 698 ||| FLEEEEING.
   699 | D:2      | 699 ||| FLEEEEING.
   700 | D:2      | 700 ||| FLEEEEING.
   701 | D:2      | 701 ||| FLEEEEING.
   702 | D:2      | 702 ||| FLEEEEING.
   703 | D:2      | 703 ||| FLEEEEING.
   704 | D:2      | 704 ||| FLEEEEING.
   705 | D:2      | 705 ||| FLEEEEING.
   706 | D:2      | 706 ||| FLEEEEING.
   722 | D:2      | Killed Sigmund
   723 | D:2      | Reached skill level 9 in Ranged Weapons
   723 | D:2      | Reached XP level 4. HP: 14/25 MP: 6/6
   723 | D:2      | Reached XP level 5. HP: 16/29 MP: 7/7
   989 | D:2      | Noticed Terence
   991 | D:2      | Killed Terence
  1003 | D:2      | Found a bloodstained altar of Trog.
  1022 | D:2      | Noticed Robin
  1027 | D:2      | Killed Robin
  1028 | D:2      | Reached skill level 1 in Armour
  1219 | D:2      | Found a faded altar of an unknown god.
  1286 | D:2      | 1286 ||| UPGRADING to +0 cloak.
  1291 | D:2      | 1291 ||| UPGRADING to +0 helmet.
  1296 | D:2      | 1296 ||| READING scroll labelled EPNUTHR RAIJAYGG.
  1297 | D:2      | 1297 ||| READING scroll labelled JULUCO COTOCLUI.
  1300 | D:2      | 1300 ||| READING 2 scrolls of identify.
  1300 | D:2      | 1300 ||| IDENTIFYING coppery potion
  1309 | D:3      | 1309 ||| STAIRDANCE
  1311 | D:2      | HP: 7/30 [gnoll/+0 whip (6)]
  1312 | D:2      | 1312 ||| DRINKING potion of heal wounds.
  1343 | D:3      | Reached XP level 6. HP: 32/35 MP: 8/8
  1344 | D:3      | 1344 ||| STAIRDANCE
  1401 | D:3      | 1401 ||| STAIRDANCE
  1449 | D:3      | Reached skill level 3 in Dodging
  1452 | D:3      | 1452 ||| STAIRDANCE
  1863 | D:3      | Found a broken altar of Ashenzari.
  2105 | D:3      | 2105 ||| UPGRADING to +1 pair of boots.
  2115 | D:3      | 2115 ||| DROPPING +0 pair of boots.
  2116 | D:3      | 2116 ||| UPGRADING to amulet of guardian spirit.
  2121 | D:3      | 2121 ||| DROPPING amulet of magic regeneration.
  2122 | D:3      | 2122 ||| READING scroll labelled UBYPEO QUET.
  2172 | D:3      | 2172 ||| READING 2 scrolls of identify.
  2172 | D:3      | 2172 ||| IDENTIFYING murky brown potion
  2250 | D:4      | 2250 ||| Stepping ~*~*~tactically~*~*~ (outnumbered).
  2487 | D:4      | Reached skill level 10 in Ranged Weapons
  2633 | D:4      | Reached XP level 7. HP: 40/40 MP: 9/9
  2677 | D:4      | Found an ancient bone altar of Kikubaaqudgha.
  2681 | D:4      | 2681 ||| UPGRADING to +0 scale mail of poison resistance.
  2691 | D:4      | 2691 ||| DROPPING +0 scale mail.
  2692 | D:4      | 2692 ||| DRINKING 2 pink potions.
  2693 | D:4      | 2693 ||| READING 3 scrolls of identify.
  2693 | D:4      | 2693 ||| IDENTIFYING inky potion
  2694 | D:4      | 2694 ||| READING 2 scrolls of identify.
  2694 | D:4      | 2694 ||| IDENTIFYING orange potion
  2695 | D:4      | 2695 ||| DROPPING potion of berserk rage.
  2696 | D:4      | 2696 ||| DROPPING potion of lignification.
  2710 | D:5      | Entered Level 5 of the Dungeon
  2749 | D:5      | Noticed Prince Ribbit
  2759 | D:5      | Reached skill level 11 in Ranged Weapons
  2773 | D:5      | Killed Prince Ribbit
  2774 | D:5      | Reached skill level 12 in Ranged Weapons
  2925 | D:5      | Reached XP level 8. HP: 45/45 MP: 10/10
  3364 | D:6      | Reached skill level 3 in Fighting
  3428 | D:6      | Found a staircase to the Ecumenical Temple.
  3429 | D:6      | 3429 ||| PLANNING TEMPLE
  3430 | D:6      | 3430 ||| READING scroll labelled WOEMESACED.
  3431 | D:6      | Noticed Grinder
  3437 | D:6      | 3437 ||| Stepping ~*~*~tactically~*~*~ (outnumbered).
  3447 | D:6      | Reached skill level 13 in Ranged Weapons
  3456 | Temple   | Entered the Ecumenical Temple
  3511 | Temple   | 3511 ||| PLANNING D:1-11
  3548 | D:6      | Paralysed by Grinder for 2 turns
  3556 | D:6      | Killed Grinder
  3557 | D:6      | Reached skill level 3 in Armour
  4187 | D:6      | Found a shimmering blue altar of Sif Muna.
  4194 | D:6      | 4194 ||| READING scroll labelled JAHUVEETOO.
  4228 | D:6      | 4228 ||| READING scroll labelled XAPENN QAME.
  4407 | D:7      | Reached XP level 9. HP: 46/50 MP: 11/11
  4632 | D:7      | 4632 ||| Stepping ~*~*~tactically~*~*~ (cloud).
  4636 | D:7      | 4636 ||| FLEEEEING.
  4639 | D:7      | 4639 ||| FLEEEEING.
  4640 | D:7      | 4640 ||| FLEEEEING.
  4642 | D:7      | 4642 ||| FLEEEEING.
  4643 | D:7      | 4643 ||| FLEEEEING.
  4644 | D:7      | 4644 ||| FLEEEEING.
  4645 | D:7      | 4645 ||| FLEEEEING.
  4646 | D:7      | 4646 ||| FLEEEEING.
  4647 | D:7      | 4647 ||| FLEEEEING.
  4648 | D:7      | 4648 ||| FLEEEEING.
  4649 | D:7      | 4649 ||| FLEEEEING.
  4650 | D:7      | 4650 ||| FLEEEEING.
  4651 | D:7      | 4651 ||| FLEEEEING.
  4653 | D:7      | 4653 ||| FLEEEEING.
  4654 | D:7      | 4654 ||| FLEEEEING.
  4655 | D:7      | 4655 ||| FLEEEEING.
  4656 | D:7      | 4656 ||| FLEEEEING.
  4658 | D:7      | 4658 ||| FLEEEEING.
  4659 | D:7      | 4659 ||| FLEEEEING.
  4661 | D:7      | 4661 ||| FLEEEEING.
  4662 | D:7      | 4662 ||| FLEEEEING.
  4663 | D:7      | 4663 ||| FLEEEEING.
  4664 | D:7      | 4664 ||| FLEEEEING.
  4665 | D:7      | 4665 ||| FLEEEEING.
  4666 | D:7      | 4666 ||| FLEEEEING.
  4667 | D:7      | 4667 ||| FLEEEEING.
  4668 | D:7      | 4668 ||| FLEEEEING.
  4669 | D:7      | 4669 ||| FLEEEEING.
  4670 | D:7      | 4670 ||| FLEEEEING.
  4671 | D:7      | 4671 ||| FLEEEEING.
  4672 | D:7      | 4672 ||| FLEEEEING.
  4676 | D:7      | Reached skill level 14 in Ranged Weapons
  4826 | D:7      | Found an ornate altar of the Wu Jian Council.
  5220 | D:7      | 5220 ||| READING scroll labelled YSTRUT ATUOTAKK.
  5221 | D:7      | 5221 ||| READING 3 scrolls of identify.
  5221 | D:7      | 5221 ||| IDENTIFYING lumpy brown potion
  5222 | D:7      | 5222 ||| DROPPING potion of attraction.
  5246 | D:8      | Noticed a manticore
  5251 | D:8      | Killed a manticore
  5252 | D:8      | Reached skill level 15 in Ranged Weapons
  5262 | D:8      | HP: 9/52 [yak (6)]
  5262 | D:8      | HP: 4/52 [yak (5)]
  5263 | D:8      | 5263 ||| READING 2 scrolls of teleportation.
  5264 | D:8      | 5264 ||| DRINKING 3 potions of heal wounds.
  5265 | D:8      | HP: 1/52 [yak (13)]
  5266 | D:8      | 5266 ||| DRINKING 2 potions of heal wounds.
  5452 | D:8      | Reached skill level 16 in Ranged Weapons
  5626 | D:8      | 5626 ||| READING scroll of enchant armour.
  5626 | D:8      | 5626 ||| ENCHANTING +0 helmet.
  5784 | D:8      | Reached skill level 6 in Dodging
  5814 | D:8      | Reached XP level 10. HP: 54/56 MP: 12/12
  6407 | D:8      | 6407 ||| UPGRADING to +0 pair of gloves.
  6412 | D:8      | 6412 ||| READING 2 scrolls labelled XOTUIMNIFU.
  6413 | D:8      | 6413 ||| DROPPING scroll of poison.
  6529 | D:9      | Noticed a two-headed ogre
  6537 | D:9      | Killed a two-headed ogre
  6538 | D:9      | Reached skill level 17 in Ranged Weapons
  6797 | D:9      | Reached skill level 18 in Ranged Weapons
  7161 | D:9      | Reached XP level 11. HP: 63/63 MP: 13/13
  7161 | D:9      | 7161 ||| Stepping ~*~*~tactically~*~*~ (outnumbered).
  7183 | D:9      | 7183 ||| FLEEEEING.
  7184 | D:9      | 7184 ||| FLEEEEING.
  7185 | D:9      | 7185 ||| FLEEEEING.
  7186 | D:9      | 7186 ||| FLEEEEING.
  7191 | D:9      | 7191 ||| FLEEEEING.
  7192 | D:9      | 7192 ||| FLEEEEING.
  7193 | D:9      | 7193 ||| FLEEEEING.
  7194 | D:9      | 7194 ||| FLEEEEING.
  7195 | D:9      | 7195 ||| FLEEEEING.
  7196 | D:9      | 7196 ||| FLEEEEING.
  7197 | D:9      | 7197 ||| FLEEEEING.
  7198 | D:9      | 7198 ||| FLEEEEING.
  7199 | D:9      | 7199 ||| FLEEEEING.
  7200 | D:9      | 7200 ||| FLEEEEING.
  7202 | D:9      | 7202 ||| FLEEEEING.
  7204 | D:9      | 7204 ||| FLEEEEING.
  7206 | D:9      | 7206 ||| FLEEEEING.
  7209 | D:9      | 7209 ||| FLEEEEING.
  7210 | D:9      | 7210 ||| FLEEEEING.
  7213 | D:9      | 7213 ||| STAIRDANCE
  7266 | D:8      | 7266 ||| DROPPING +0 ring mail.
  7417 | D:10     | Entered Level 10 of the Dungeon
  7477 | D:10     | Noticed Harold
  7493 | D:10     | Killed Harold
  7732 | D:10     | Noticed a two-headed ogre
  7739 | D:10     | Killed a two-headed ogre
  7740 | D:10     | Reached skill level 6 in Fighting
  7762 | D:10     | Noticed Erica
  7769 | D:10     | Killed Erica
  7830 | D:10     | Found a hide-covered altar of Uskayaw.
  7831 | D:10     | Found an iron altar of Okawaru.
  7832 | D:10     | 7832 ||| PLANNING OKAWARU WORSHIP
  7832 | D:10     | 7832 ||| DROPPING +1 scale mail of positive energy.
  7833 | D:10     | 7833 ||| READING scroll labelled ICKARO OGUELL.
  7834 | D:10     | 7834 ||| READING scroll labelled NOFOUW GURGH.
  7835 | D:10     | 7835 ||| READING 2 scrolls of identify.
  7835 | D:10     | 7835 ||| IDENTIFYING lumpy grey potion
  7840 | D:10     | Became a worshipper of Warmaster Okawaru
  7841 | D:10     | 7841 ||| PLANNING D:1-11
  7841 | D:10     | 7841 ||| REMOVING amulet of guardian spirit.
  7993 | D:10     | Found a large runed translucent door.
  7994 | D:10     | Found a large runed translucent door.
  8108 | D:10     | 8108 ||| UPGRADING to amulet of the acrobat.
  8113 | D:10     | 8113 ||| DROPPING amulet of guardian spirit.
  8114 | D:10     | 8114 ||| UPGRADING to ring of willpower.
  8143 | D:11     | Noticed a green ugly thing
  8148 | D:11     | Killed a green ugly thing
  8149 | D:11     | Reached skill level 9 in Dodging
  8273 | D:11     | Noticed a boulder beetle
  8284 | D:11     | Killed a boulder beetle
  8284 | D:11     | Reached * piety under Okawaru
  8375 | D:11     | Reached skill level 1 in Invocations
  8416 | D:11     | Found a staircase to the Lair.
  8420 | D:11     | 8420 ||| FLEEEEING.
  8421 | D:11     | 8421 ||| FLEEEEING.
  8422 | D:11     | 8422 ||| FLEEEEING.
  8423 | D:11     | 8423 ||| FLEEEEING.
  8424 | D:11     | 8424 ||| FLEEEEING.
  8425 | D:11     | 8425 ||| FLEEEEING.
  8426 | D:11     | 8426 ||| FLEEEEING.
  8427 | D:11     | Noticed a two-headed ogre
  8428 | D:11     | 8428 ||| INVOKING Heroism.
  8432 | D:11     | Killed a two-headed ogre
  8433 | D:11     | Reached skill level 3 in Invocations
  8734 | D:11     | 8734 ||| INVOKING Heroism.
  8866 | D:11     | Reached ** piety under Okawaru
  8998 | D:11     | 8998 ||| PLANNING LAIR
  8998 | D:11     | 8998 ||| UPGRADING to amulet of regeneration.
  9008 | D:11     | 9008 ||| DROPPING amulet of the acrobat.
  9042 | Lair:1   | Entered Level 1 of the Lair of Beasts
  9047 | Lair:1   | 9047 ||| INVOKING Heroism.
  9498 | Lair:1   | 9498 ||| INVOKING Heroism.
  9621 | Lair:1   | Reached XP level 12. HP: 73/73 MP: 17/17
  9664 | Lair:1   | You fall into a shaft and drop 1 floor!
  9795 | Lair:2   | Noticed a four-headed hydra
  9806 | Lair:2   | Found a transporter.
  9806 | Lair:2   | Noticed a catoblepas
  9806 | Lair:2   | Noticed qw's ghost (journeyman GrFi)
  9808 | Lair:2   | Noticed a six-headed hydra
  9809 | Lair:2   | 9809 ||| INVOKING Heroism.
  9814 | Lair:2   | Killed a six-headed hydra
  9831 | Lair:2   | Noticed a five-headed hydra
  9844 | Lair:2   | 9844 ||| INVOKING Heroism.
  9861 | Lair:2   | 9861 ||| INVOKING Heroism.
  9891 | Lair:2   | Found a transporter.
  9924 | Lair:2   | 9924 ||| INVOKING Heroism.
  9945 | Lair:2   | 9945 ||| UPGRADING to +6 ring of dexterity.
  9947 | Lair:2   | 9947 ||| UPGRADING to +4 ring of slaying {mikee}.
  9949 | Lair:2   | 9949 ||| DROPPING +6 ring of strength.
  9950 | Lair:2   | 9950 ||| DROPPING ring of willpower.
  9951 | Lair:2   | 9951 ||| READING 2 scrolls labelled UDO EWUHUSS.
 10052 | Lair:2   | 10052 ||| READING 3 scrolls of identify.
 10052 | Lair:2   | 10052 ||| IDENTIFYING glowing brown potion
 10053 | Lair:2   | 10053 ||| READING 2 scrolls of identify.
 10053 | Lair:2   | 10053 ||| IDENTIFYING fuming cyan potion
 10054 | Lair:2   | 10054 ||| DROPPING scroll of silence.
 10151 | Lair:1   | Reached *** piety under Okawaru
 10359 | Lair:2   | 10359 ||| INVOKING Heroism.
 10364 | Lair:2   | Reached skill level 6 in Armour
 10545 | Lair:2   | 10545 ||| INVOKING Heroism.
 10559 | Lair:2   | 10559 ||| INVOKING Heroism.
 10567 | Lair:2   | Reached skill level 9 in Fighting
 10572 | Lair:2   | 10572 ||| INVOKING Heroism.
 10657 | Lair:2   | Noticed an eight-headed hydra
 10658 | Lair:2   | 10658 ||| INVOKING Heroism.
 10661 | Lair:2   | Killed an eight-headed hydra
 10890 | Lair:2   | 10890 ||| DROPPING +4 ring of protection.
 10929 | Lair:3   | Noticed an eight-headed hydra
 10930 | Lair:3   | 10930 ||| PLANNING GAUNTLET
 10930 | Lair:3   | 10930 ||| INVOKING Heroism.
 10935 | Lair:3   | Killed an eight-headed hydra
 10972 | Lair:3   | 10972 ||| INVOKING Heroism.
 11020 | Lair:3   | 11020 ||| INVOKING Heroism.
 11066 | Lair:3   | Found a gate leading to a gauntlet.
 11069 | Lair:3   | Reached **** piety under Okawaru
 11070 | Lair:3   | 11070 ||| INVOKING Heroism.
 11100 | Gauntlet | Entered a Gauntlet
 11100 | Gauntlet | Found a transporter.
 11100 | Gauntlet | Found a transporter.
 11110 | Gauntlet | Found a transporter.
 11113 | Gauntlet | Found a transporter.
 11124 | Gauntlet | Found a transporter.
 11126 | Gauntlet | Noticed a green death
 11132 | Gauntlet | Found a transporter.
 11150 | Gauntlet | Found a transporter.
 11167 | Gauntlet | Found a transporter.
 11170 | Gauntlet | Found a transporter.
 11182 | Gauntlet | Found a transporter.
 11183 | Gauntlet | Found a transporter.
 11198 | Gauntlet | Noticed a death scarab
 11228 | Gauntlet | Found a transporter.
 11256 | Gauntlet | 11256 ||| INVOKING Heroism.
 11262 | Gauntlet | Reached XP level 13. HP: 62/82 MP: 16/18
 11269 | Gauntlet | 11269 ||| INVOKING Heroism.
 11308 | Gauntlet | 11308 ||| INVOKING Heroism.
 11345 | Gauntlet | Killed a green death
 11346 | Gauntlet | Reached skill level 12 in Dodging
 11393 | Gauntlet | Identified the ring "Kumiem" {rPois Str+6 Dex+3}
 11400 | Gauntlet | 11400 ||| READING scroll of enchant armour.
 11400 | Gauntlet | 11400 ||| ENCHANTING +0 pair of gloves.
 11401 | Gauntlet | 11401 ||| UPGRADING to ring "Kumiem" {rPois Str+6 Dex+3}.
 11403 | Gauntlet | 11403 ||| UPGRADING to +0 troll leather armour.
 11413 | Gauntlet | 11413 ||| DROPPING +4 ring of slaying {mikee}.
 11428 | Gauntlet | Identified the +1 war axe "Zatzidghi" {protect, rElec
                  | Will++ Dex-5 SInv}
 11428 | Gauntlet | Noticed a minotaur
 11440 | Gauntlet | HP: 15/82 [something (22)]
 11441 | Gauntlet | Mangled by a minotaur

Levels and vault maps discovered:
D:1:      onia_arrival_zoo_common, layout_rooms
D:2:      cheibrodos_old_hovel, layout_loops_ring,
          shapermc_ecumenical_altar_mp_vishouse, basic_altar, uniq_robin,
          uniq_sigmund, uniq_terence
D:3:      layout_basic, lemuel_crystal_altar, grunt_ministairs_9,
          guppyfry_early_lair_pool
D:4:      layout_rooms, overflow_temple_1_default
D:5:      layout_basic, minmay_misc_feat_x, uniq_prince_ribbit1
D:6:      layout_loops_ring, kennysheep_orc_sif_temple,
          minmay_temple_entry_mini_moons, chequers_serial_rivers_room_b,
          uniq_grinder
D:7:      layout_loops_corners, mainiacjoe_overflow_paths,
          kennysheep_generic_room_9
D:8:      layout_gridville, hangedman_abyss_or_decor_slice,
          hangedman_decor_diamond_cutter, kennysheep_generic_room_11
D:9:      layout_irregular_city, serial_column_ruins,
          column_ruins_open_medium_water, column_ruins_open_tiny,
          column_ruins_columns_T, column_ruins_corridor_straight,
          column_ruins_grid_1, column_ruins_open_small
D:10:     layout_long_grid, jmf_multi_god_temple2,
          gammafunk_temple_overflow_statue, uniq_erica, uniq_harold
D:11:     layout_gridville, minmay_lair_entry_grove
Temple:   zaba_magenta_temple
Lair:1:   layout_cave_pods
Lair:2:   layout_roguey, gammafunk_ghost_berserking_beasts, grunt_megastairs_4,
          serial_bayou_shore_b, serial_bayou_shore_b, serial_bayou_shore_b,
          lemuel_fruit_tree
Lair:3:   layout_long_grid, elwin_shoals_entry_rooms, spider_nest_entry_rubble,
          gauntlet_entry_generic
Gauntlet: minmay_gauntlet_mixed_big_or_small [gammafunk_gauntlet_arena_split_x,
          minmay_gauntlet_arena_77_squiggly, gammafunk_gauntlet_arena_corners,
          minmay_gauntlet_arena_77_radiant_squares,
          gammafunk_gauntlet_arena_split_diamond,
          minmay_gauntlet_arena_77_mirror,
          nicolae_gauntlet_exit_dead_adventurers]

Skill      XL: |  1  2  3  4  5  6  7  8  9 10 11 12 13 |
---------------+----------------------------------------+-----
Ranged Weapons | 6 9 10 12 13 16 18 | 18.0
Fighting       | 2 3 4 5 7 10 | 10.0
Armour         | 1 3 4 5 7 |  7.1
Dodging        | 3 4 6 8 10 11 12 | 12.2
Invocations    | 4 |  4.3
Stealth        | |  1.2

Action                     |  1- 3 |  4- 6 |  7- 9 | 10-12 | 13-15 || total
---------------------------+-------+-------+-------+-------+-------++-------
   Fire: Shortbow          |    61 |       |       |       |       ||    61
         Hand crossbow     |    24 |   115 |   210 |   421 |    51 ||   821
 Invoke: Heroism           |       |       |       |    18 |     2 ||    20
    Use: Scroll            |     3 |     5 |     9 |     7 |     1 ||    25
         Potion            |     1 |     1 |     3 |       |       ||     5
 Armour: Leather armour    |     2 |       |       |       |       ||     2
         Scale mail        |     5 |    37 |    35 |   111 |    12 ||   200
  Dodge: Dodged            |    26 |    30 |    57 |   217 |    48 ||   378

Table legend:
 A = Non-vault XP
 B = Vault XP
 C = Vault XP percentage of total XP
 D = Non-vault monster count
 E = Vault monster count
 F = Vault count percentage of total count
                 A         B        C        D         E       F
            +---------+---------+-------+---------+---------+-------
      Total |   31306 |    9179 |  22.7 |     262 |      59 |  18.4
            +---------+---------+-------+---------+---------+-------
        D:1 |      31 |       0 |   0.0 |      20 |       0 |   0.0
        D:2 |      32 |     314 |  90.8 |      18 |      17 |  48.6
        D:3 |      52 |      43 |  45.3 |      17 |       3 |  15.0
        D:4 |     272 |       0 |   0.0 |      19 |       0 |   0.0
        D:5 |     435 |     283 |  39.4 |      18 |       1 |   5.3
        D:6 |     689 |     452 |  39.6 |      19 |       3 |  13.6
        D:7 |     790 |     197 |  20.0 |      10 |       2 |  16.7
        D:8 |    2838 |      78 |   2.7 |      27 |       1 |   3.6
        D:9 |    4580 |       0 |   0.0 |      37 |       0 |   0.0
       D:10 |    1237 |    1697 |  57.8 |       7 |       2 |  22.2
       D:11 |    3472 |    1846 |  34.7 |      10 |      13 |  56.5
     Lair:1 |    2702 |       0 |   0.0 |      13 |       0 |   0.0
     Lair:2 |    7868 |    1384 |  15.0 |      29 |       7 |  19.4
     Lair:3 |    6308 |       0 |   0.0 |      18 |       0 |   0.0
   Gauntlet |       0 |    2885 | 100.0 |       0 |      10 | 100.0
            +---------+---------+-------+---------+---------+-------
